 Dungeon Crawl Stone Soup version 0.29.1-2-gbd0b4ee654 (webtiles) character file.

Game seed: 3145156323424426932

14374 wingedge the Frost Mage (level 11, -6/86 HPs)
             Began as a Demigod Enchanter on Nov 14, 2022.
             Mangled by a black mamba (15 damage)
             ... on level 2 of the Lair of Beasts.
             The game lasted 01:06:56 (14438 turns).

wingedge the Frost Mage (Demigod Enchanter)        Turns: 14438, Time: 01:06:57

Health: -6/86      AC:  8    Str:  9    XL:     11   Next: 57%
Magic:  17/22      EV: 14    Int: 25    God:
Gold:   746        SH:  8    Dex: 18    Spells: 4/20 levels left

rFire   + . .      SeeInvis .   a - +1 dagger (speed)
rCold   + + .      Faith    .   l - +2 buckler
rNeg    . . .      Spirit   .   P - +2 robe {rC+ rF+}
rPois   +          Reflect  .   (no helmet)
rElec   .          Harm     .   s - +0 cloak
rCorr   .          Rampage  .   u - +2 pair of gloves
Will    +....                   (no boots)
Stlth   +++.......              C - amulet of magic regeneration
HPRegen 0.24/turn               e - ring of protection from cold
MPRegen 0.58/turn               d - ring of poison resistance

@: confusing by touch
A: high MP 1, forlorn, divine attributes
a: no special abilities


You were on level 2 of the Lair of Beasts.
You visited 2 branches of the dungeon, and saw 11 of its levels.

You collected 746 gold pieces.

Inventory:

Hand Weapons
 a - a +1 dagger of speed (weapon)
 b - a +0 short sword of electrocution
 h - a +3 dagger of holy wrath
 H - a +0 war axe of electrocution
 L - a +1 dagger
 T - a +2 dagger of draining
Missiles
 y - 3 boomerangs
 J - 6 javelins (quivered)
 K - 3 throwing nets
 M - 7 curare-tipped darts
Armour
 l - a +2 buckler (worn)
 s - a +0 cloak (worn)
 u - a +2 pair of gloves (worn)
 P - a +2 robe of resistance (worn)
 S - +0 acid dragon scales
Magical Staves
 c - a staff of cold
 p - a staff of poison
Jewellery
 d - a ring of poison resistance (right hand)
 e - a ring of protection from cold (left hand)
 t - a +6 ring of strength
 C - an amulet of magic regeneration (around neck)
 E - a +6 ring of intelligence
 Y - an amulet of reflection
Wands
 i - a wand of quicksilver (8)
 A - a wand of flame (66)
 N - a wand of paralysis (4)
 R - a wand of roots (23)
Scrolls
 k - 2 scrolls of brand weapon
 n - a scroll of enchant weapon {unknown}
 q - 3 scrolls of poison
 x - 3 scrolls of blinking {unknown}
 z - 3 scrolls of immolation {unknown}
 D - 4 scrolls of amnesia
 F - 2 scrolls of vulnerability {unknown}
 G - a scroll of fear {unknown}
 O - a scroll of magic mapping {unknown}
 U - a scroll of butterflies {unknown}
 X - 2 scrolls of teleportation
Potions
 f - a potion of ambrosia {unknown}
 g - 4 potions of might
 j - 2 potions of heal wounds
 m - 2 potions of resistance {unknown}
 o - 4 potions of flight
 r - a potion of attraction {unknown}
 v - a potion of haste {unknown}
 w - 3 potions of mutation
 B - 2 potions of curing
 I - 2 potions of brilliance
 Q - 2 potions of degeneration {unknown}
 V - a potion of magic {unknown}
 W - 2 potions of berserk rage {unknown}
 Z - a potion of invisibility


   Skills:
 - Level 5.0 Fighting
 - Level 5.0 Short Blades
 - Level 3.0 Throwing
 - Level 5.0 Dodging
 - Level 6.0 Stealth
 - Level 5.0 Shields
 + Level 5.2 Spellcasting
 - Level 6.0 Hexes
 + Level 11.2 Ice Magic


You had 4 spell levels left.
You knew the following spells:

 Your Spells              Type           Power      Damage    Failure   Level
a - Ensorcelled Hibernat  Hex/Ice        98%        N/A       1%          2
b - Confusing Touch       Hex            36%        N/A       2%          3
c - Ozocubu's Armour      Ice            58%        N/A       1%          3
d - Tukima's Dance        Hex            36%        N/A       2%          3
e - Metabolic Englaciati  Hex/Ice        24%        N/A       9%          5

Your spell library contained the following spells:

 Spells                   Type           Power      Damage    Failure   Level
 Dazzling Flash           Conj/Hex       42%        N/A       9%          3
 Apportation              Tloc           12%        N/A       11%         1
 Shock                    Conj/Air       24%        1d4       11%         1
 Poisonous Vapours        Pois/Air       12%        N/A       16%         2
 Swiftness                Air            6%         N/A       30%         3
 Airstrike                Air            3%         2d(1-17)  71%         4
 Corpse Rot               Necr/Pois/Air  6%         N/A       71%         4
 Ozocubu's Refrigeration  Ice            29%        4d13      65%         7
 Simulacrum               Ice/Necr       17%        N/A       83%         6
 Alistair's Intoxication  Tmut/Pois      4%         N/A       96%         5


Dungeon Overview and Level Annotations

Branches:
Dungeon (9/15)             Temple (0/1) D:5            Lair (2/5) D:8
  Swamp (0/4) Lair:2       Spider (0/4) Lair:2
    Orc: D:9-12

Shops:
D:2 *   D:3 *   D:4 *   D:7 [

Annotations:
D:3 need dig
D:9 3 runed translucent doors


Innate Abilities, Weirdness & Mutations

You have an increased reservoir of magic. (+10% MP)
You shall have no god before yourself.
Your divine heritage dramatically boosts your attributes as you level up.


Message History

The helpless black mamba fails to defend itself.
You stick the black mamba like a pincushion!!!
The black mamba is almost dead.
Casting: Ensorcelled Hibernation (safe; 1% risk of failure)
Confirm with . or Enter, or press ? or * to list all spells.
Your hands begin to glow red.
You feel sick. The black mamba bites you. You block the black mamba's attack.
You hit the black mamba but do no damage.
The black mamba is almost dead.
You feel sick. The black mamba barely misses you.
You hit the black mamba but do no damage.
The black mamba is almost dead.
The black mamba bites you.
You closely miss the black mamba.
The black mamba is almost dead.
You feel sick. You block the black mamba's attack. The black mamba bites you!
You closely miss the black mamba.
The black mamba is almost dead.
You feel sick.
You hit the black mamba but do no damage.
The black mamba is almost dead.
The black mamba barely misses you.
You completely miss the black mamba.
The black mamba is almost dead.
You feel sick.
You are no longer poisoned.
The black mamba bites you!
* * * LOW HITPOINT WARNING * * *
You feel better. The black mamba closely misses you.
The black mamba completely misses you.
You hit the black mamba but do no damage.
The black mamba is almost dead.
The black mamba bites you!
* * * LOW HITPOINT WARNING * * *
You are lethally poisoned!
The black mamba poisons you!
You feel better. The black mamba bites you.
* * * LOW HITPOINT WARNING * * *
The black mamba bites you!
You die...

#..#.##### #...##
###..## ##.## ......
#.## #....# ##.P# #....
## #..## ##... #.# ##.P#
#P..##..## #..#
#P..#..... ##..########
##@.......
#..#..##...####P.S......
..................#.....
..###.###.#P.#.#..# ....
#.# ### ########.#......
#.# #........ #.#
#+.#..... #.# .##..##
..# .. .#.#


You could see a black mamba.

Vanquished Creatures
  A sun demon (D:9)
  Pikel (D:8)
  Joseph (D:8)
  Maggie (D:8)
  A rime drake (Lair:2)
  2 komodo dragons
  2 kobold demonologists (D:9)
  An ice devil (D:9)
  Prince Ribbit (D:5)
  13 blink frogs
  A wyvern (D:9)
  24 yaks
  Sigmund (D:5)
  A basilisk (Lair:2)
  Grum (Lair:1)
  2 steam dragons
  An acid dragon (D:9)
  5 water moccasins
  2 orc warriors
  4 sky beasts
  An ice beast (shapeshifter) (D:9)
  4 black bears
  2 ice beasts
  4 wolves (Lair:1)
  A lemure (D:8)
  2 centaurs
  2 bullfrogs
  3 necrophages
  2 kobold brigands
  A gnoll sergeant (D:6)
  2 scorpions
  6 wights
  3 killer bees (D:9)
  2 howler monkeys
  An electric eel (D:7)
  2 gnoll boudas
  2 hounds (D:6)
  3 jellies
  Crazy Yiuf (D:2)
  3 orc wizards
  Ijyb (D:3)
  Natasha (thrice) (D:3)
  2 iguanas (Lair:2)
  13 gnolls
  8 adders
  2 white imps
  3 ufetubi
  A worm (D:1)
  10 orcs
  3 bats (D:1)
  5 endoplasms
  5 giant cockroaches
  5 goblins
  5 hobgoblins
  A quokka (D:1)
  7 ball pythons
  5 frilled lizards
  14 kobolds
  2 rats (D:1)
208 creatures vanquished.

Vanquished Creatures (collateral kills)
  An ogre (D:7)
  A wight (D:9)
  An orc wizard (D:9)
  An orc (D:9)
  2 kobolds (D:9)
6 creatures vanquished.

Vanquished Creatures (others)
  2 dancing weapons
  4 demonic plants (D:9)
  3 fungi
  12 plants
21 creatures vanquished.

Grand Total: 235 creatures vanquished

Notes
Turn   | Place    | Note
-------+----------+-------------------------------------------
     0 | D:1      | wingedge the Demigod Enchanter began the quest for the Orb.
     0 | D:1      | Reached XP level 1. HP: 14/14 MP: 5/5
   262 | D:1      | Reached skill level 1 in Short Blades
   758 | D:1      | Reached XP level 2. HP: 20/20 MP: 7/7
   761 | D:1      | Learned a level 2 spell: Ensorcelled Hibernation
  1840 | D:2      | Reached skill level 1 in Ice Magic
  2073 | D:2      | Found a runed translucent door.
  2074 | D:2      | Noticed Crazy Yiuf
  2080 | D:2      | Killed Crazy Yiuf
  2081 | D:2      | Reached skill level 2 in Ice Magic
  2081 | D:2      | Reached XP level 3. HP: 26/26 MP: 5/8
  2112 | D:2      | Learned a level 3 spell: Confusing Touch
  2695 | D:2      | Reached XP level 4. HP: 33/33 MP: 6/9
  2835 | D:2      | Found Wech's General Store.
  3364 | D:3      | Found Mooffi's General Store.
  3378 | D:3      | Noticed Natasha
  3387 | D:3      | Killed Natasha
  3388 | D:3      | Reached skill level 1 in Shields
  3479 | D:3      | Noticed Ijyb
  3506 | D:3      | Noticed Natasha
  3788 | D:3      | Killed Natasha
  3789 | D:3      | Reached XP level 5. HP: 33/38 MP: 7/10
  3992 | D:3      | Killed Ijyb
  4149 | D:3      | Noticed Natasha
  4221 | D:3      | Killed Natasha
  4343 | D:4      | Reached skill level 1 in Fighting
  4376 | D:4      | Reached XP level 6. HP: 47/47 MP: 7/11
  4411 | D:4      | Learned a level 3 spell: Ozocubu's Armour
  4411 | D:4      | Found Kudol's Mass Market.
  4797 | D:5      | Entered Level 5 of the Dungeon
  4798 | D:5      | Noticed Sigmund
  4973 | D:5      | Killed Sigmund
  4974 | D:5      | Reached skill level 5 in Hexes
  4974 | D:5      | Reached skill level 3 in Ice Magic
  5230 | D:5      | Reached XP level 7. HP: 47/55 MP: 10/13
  5294 | D:5      | Found a staircase to the Ecumenical Temple.
  5511 | D:5      | Reached skill level 4 in Ice Magic
  5902 | D:5      | Learned a level 3 spell: Tukima's Dance
  5929 | D:5      | Noticed Prince Ribbit
  5946 | D:5      | Killed Prince Ribbit
  5947 | D:5      | Reached skill level 5 in Ice Magic
  6494 | D:6      | Reached XP level 8. HP: 33/61 MP: 13/15
  6779 | D:6      | HP: 3/63 [steam dragon (1)]
  7431 | D:6      | Reached skill level 1 in Throwing
  7512 | D:6      | Reached skill level 6 in Ice Magic
  8341 | D:7      | Found Opaucim's Antique Armour Shoppe.
  8475 | D:7      | Reached skill level 5 in Stealth
  8639 | D:7      | Reached XP level 9. HP: 67/71 MP: 16/16
  9059 | D:7      | Reached skill level 7 in Ice Magic
  9448 | D:8      | Noticed Maggie
  9457 | D:8      | Killed Maggie
  9458 | D:8      | Reached skill level 8 in Ice Magic
  9612 | D:8      | Found a staircase to the Lair.
  9934 | D:8      | Noticed Joseph
  9952 | D:8      | Killed Joseph
 10146 | D:8      | Noticed Pikel
 10175 | D:8      | Killed Pikel
 10176 | D:8      | Reached skill level 9 in Ice Magic
 10324 | D:8      | Reached XP level 10. HP: 65/78 MP: 9/18
 10437 | D:8      | Reached skill level 5 in Short Blades
 10808 | D:8      | Learned a level 5 spell: Metabolic Englaciation
 11719 | D:9      | Found a runed translucent gate.
 11719 | D:9      | Found a runed translucent gate.
 11719 | D:9      | Found a runed translucent gate.
 11719 | D:9      | Noticed a green ugly thing
 11719 | D:9      | Noticed a red ugly thing
 11719 | D:9      | Noticed a white ugly thing
 11719 | D:9      | Noticed a green ugly thing
 11721 | D:9      | Noticed a glowing orange brain
 11721 | D:9      | Noticed a glowing orange brain
 11722 | D:9      | Noticed a white ugly thing
 11722 | D:9      | Noticed a steelbarb worm
 11722 | D:9      | a glowing orange brain changed into a steelbarb worm
 11724 | D:9      | Noticed a goliath frog
 12021 | D:9      | Noticed a sun demon
 12083 | D:9      | Killed a sun demon
 12084 | D:9      | Reached skill level 5 in Fighting
 12627 | Lair:1   | Entered Level 1 of the Lair of Beasts
 12678 | Lair:1   | Noticed Grum
 12692 | Lair:1   | Killed Grum
 12702 | Lair:1   | Reached XP level 11. HP: 65/86 MP: 8/20
 12705 | Lair:1   | Reached skill level 10 in Ice Magic
 13225 | Lair:1   | Reached skill level 11 in Ice Magic
 13827 | Lair:2   | Reached skill level 5 in Spellcasting
 13892 | Lair:2   | Found a hole to the Spider Nest.
 13905 | Lair:2   | Found a staircase to the Swamp.
 13931 | Lair:2   | Reached skill level 5 in Dodging
 14245 | Lair:2   | Reached skill level 5 in Shields
 14438 | Lair:2   | Mangled by a black mamba

Illustrated notes

Levels and vault maps discovered:
D:1:      dpeg_arrival_brainrot, layout_loops_corners,
          ebering_ecumenical_altar_webs, minmay_domino_4
D:2:      layout_basic, serial_shops, nicolae_shop_trees,
          uniq_crazy_yiuf_cottage
D:3:      layout_basic, nicolae_overflow_hidden_temple, old_standard_altar,
          mainiacjoe_overflow_small_starburst, serial_shops, nicolae_shop_stone,
          due_unseen_surprise, uniq_natasha, uniq_ijyb
D:4:      layout_rooms, minmay_shop_mass
D:5:      layout_basic, grunt_qazlal_sundering,
          mainiacjoe_overflow_concentric_impassable,
          fedhas_bush_and_centaur_altar, gammafunk_temple_overflow_pools,
          minmay_temple_entry_statues_fountains, uniq_prince_ribbit1,
          uniq_sigmund
D:6:      layout_layer_cave, zin_academy
D:7:      layout_loops_cross, serial_shops, nicolae_shop_overgrown_old_shop,
          serial_bayou_pond_b
D:8:      layout_cave_pods, grunt_lair_entry_orc_guard_hut, uniq_pikel,
          uniq_joseph, uniq_maggie
D:9:      layout_irregular_city, serial_demonic, serial_demonic_b,
          serial_demonic_c, serial_demonic_e, serial_demonic_f,
          serial_demonic_a, serial_demonic_e, serial_demonic_f,
          serial_demonic_c, ploomutoo_gammafunk_ghost_potion_laboratory
Lair:1:   layout_concentric_octagons, lemuel_fruit_tree, uniq_grum
Lair:2:   layout_roguey, minmay_swamp_entry_reptiles,
          spider_nest_entry_web_field, st_stairs_5, serial_bayou_shore_b

Skill      XL: |  1  2  3  4  5  6  7  8  9 10 11 |
---------------+----------------------------------+-----
Hexes          | 3 4 5 6 |  6.0
Short Blades   | 1 2 3 4 5 |  5.0
Ice Magic      | 2 3 5 6 9 11 | 11.2
Spellcasting   | 2 3 4 5 |  5.2
Dodging        | 2 3 4 5 |  5.0
Stealth        | 3 4 5 6 |  6.0
Shields        | 1 2 3 4 5 |  5.0
Fighting       | 1 2 4 5 |  5.0
Throwing       | 2 3 |  3.0

Action                   |  1- 3 |  4- 6 |  7- 9 | 10-12 || total
-------------------------+-------+-------+-------+-------++-------
Melee: Dagger            |    67 |   109 |   291 |   170 ||   637
       Whip              |     2 |       |       |       ||     2
       Staff             |       |       |       |     7 ||     7
Throw: Javelin           |       |       |     4 |     6 ||    10
       Dart              |       |       |     1 |     6 ||     7
 Cast: Ensorcelled Hiber |    24 |    39 |    99 |   110 ||   272
       Confusing Touch   |       |     9 |    30 |    17 ||    56
       Ozocubu's Armour  |       |     2 |     6 |    12 ||    20
       Tukima's Dance    |       |       |     6 |    10 ||    16
       Metabolic Englaci |       |       |       |     7 ||     7
Evoke: Wand              |       |    10 |     3 |     7 ||    20
  Use: Potion            |     2 |     1 |       |     4 ||     7
       Scroll            |       |     1 |       |    11 ||    12
 Stab: Sleeping          |    22 |    23 |    49 |    62 ||   156
       Invisible         |     1 |       |       |       ||     1
       Confused          |       |     9 |    28 |    13 ||    50
       Held in net/web   |       |       |       |     2 ||     2
Armor: Robe              |    14 |    21 |    33 |    40 ||   108
       Steam dragon scal |       |       |    14 |       ||    14
Dodge: Dodged            |    32 |    29 |    99 |    83 ||   243
Block: Buckler           |    12 |    29 |    72 |    61 ||   174
